 Dungeon Crawl Stone Soup version 0.23.2-40-g277498a001 (webtiles) character file.

Game seed: 529774860064476511

186 mFoog the Cudgeler (level 5, -1/53 HPs)
             Began as a Troll Berserker on Sept 20, 2019.
             Was a Follower of Trog.
             Slain by an ogre
             ... wielding a +0 giant spiked club
              (29 damage)
             ... on level 5 of the Dungeon.
             The game lasted 00:17:27 (998 turns).

mFoog the Cudgeler (Troll Berserker)                 Turns: 998, Time: 00:17:27

Health: -1/53      AC:  8    Str: 24 (26) XL:     5   Next: 38%
Magic:  4/4        EV: 11    Int:  2 (3)  God:    Trog [*.....]
Gold:   58         SH:  0    Dex:  9      Spells: 4/4 levels left

rFire    . . .     SeeInvis .   e - +0 war axe
rCold    . . .     Gourm    +   (no shield)
rNeg     . . .     Faith    .   b - +2 animal skin
rPois    .         Spirit   .   (helmet restricted)
rElec    .         Reflect  .   (no cloak)
rCorr    .         Harm     .   (gloves unavailable)
MR       .....                  (boots unavailable)
Stlth    +.........             (no amulet)
HPRegen  0.57/turn              (no ring)
MPRegen  0.09/turn              (no ring)

@: no status effects
A: large, unfitting armour, claws 3, fast metabolism 3, gourmand, regeneration
1, shaggy fur 1, tough skin 3
a: Berserk, Renounce Religion


You were on level 5 of the Dungeon.
You worshipped Trog.
Trog was aware of your devotion.
You were full.

You visited 1 branch of the dungeon, and saw 5 of its levels.

You collected 58 gold pieces.

Inventory:

Hand Weapons
 a - a +0 mace
 e - a +0 war axe (weapon)
Armour
 b - a +2 animal skin (worn)
Potions
 d - a potion of haste {unknown}
Comestibles
 c - 5 rations
 f - a chunk of flesh


   Skills:
 + Level 3.3 Fighting
 + Level 1.2(2.4) Axes
 + Level 3.7(3.8) Maces & Flails
 + Level 3.4 Dodging
 + Level 0.1 Stealth


You had 4 spell levels left.
You didn't know any spells.
Your spell library was empty.

Dungeon Overview and Level Annotations

Branches:
Dungeon (5/15)
 Temple: D:4-7

Altars:
Elyvilon


Innate Abilities, Weirdness & Mutations

You are too large for most types of armour.
You have claws for hands.
Your metabolism is lightning-fast.
You like to eat raw meat.
Your natural rate of healing is unusually fast.
You are covered in fur. (AC +1)
You have extremely tough skin. (AC +3)


Message History

You see here a twisted ring mail.
You see here a twisted ring mail.
g - a twisted ring mail This armour is too small for you!
You drop a twisted ring mail.
An ogre comes into view. It is wielding a +0 giant spiked club.
The ogre shouts!
You see here a runed rapier.
You hit the ogre.
The ogre is lightly wounded.
The ogre hits you with a +0 giant spiked club!!
You hit the ogre.
The ogre is lightly wounded.
The ogre barely misses you.
You barely miss the ogre.
The ogre is lightly wounded.
The ogre hits you with a +0 giant spiked club!
The ogre hits you with a +0 giant spiked club!!
Ouch! That really hurt!
You die...

#.......# ....
###.......#########....
#......................
#......................
#......................
+......................
###+##.)....................
#.........O..[..............
#..........@................
#.....######+#.....###'##...
#..... #.....+....####
#..... #.....#........ #....
#.....#........ #....
#.....#........ #...
#.....#..####.# ###..####.#
#.........#


You could see an ogre.

Vanquished Creatures
  A crimson imp (D:3)
  A jelly (D:5)
  An orc wizard (D:3)
  An iguana (D:4)
  A worker ant (D:4)
  2 adders (D:2)
  2 worms (D:2)
  4 orcs (D:3)
  3 giant cockroaches
  A hobgoblin (D:2)
  4 kobolds
  3 ball pythons
  A frilled lizard (D:2)
  A rat (D:3)
26 creatures vanquished.

Notes
Turn   | Place    | Note
-------+----------+-------------------------------------------
     0 | D:1      | mFoog the Troll Berserker began the quest for the Orb.
     0 | D:1      | Reached XP level 1. HP: 22/22 MP: 0/0
    38 | D:2      | Reached XP level 2. HP: 16/29 MP: 1/1
   271 | D:2      | Found a faded altar of an unknown god.
   415 | D:2      | Reached XP level 3. HP: 29/36 MP: 2/2
   497 | D:3      | Reached XP level 4. HP: 17/45 MP: 3/3
   666 | D:3      | Found a white marble altar of Elyvilon.
   829 | D:4      | Reached XP level 5. HP: 34/53 MP: 4/4
   845 | D:5      | Entered Level 5 of the Dungeon
   937 | D:5      | Reached skill level 1 in Axes
   980 | D:5      | Got a twisted ring mail
   987 | D:5      | Noticed an ogre
   998 | D:5      | Slain by an ogre

Skill      XL: |  1  2  3  4  5 |
---------------+----------------+-----
Maces & Flails | 3 |  3.7
Fighting       | 3 |  3.3
Dodging        | 3 |  3.4
Axes           | 1 |  1.2
Stealth        | |  0.1

Action                   |  1- 3 |  4- 6 || total
-------------------------+-------+-------++-------
Melee: Mace              |    53 |       ||    53
       Hand axe          |     6 |    34 ||    40
       War axe           |       |    16 ||    16
  Use: Scroll            |     1 |     1 ||     2
       Potion            |       |     2 ||     2
  Eat: Chunk             |     3 |     5 ||     8
       Ration            |     1 |       ||     1
Armor: Animal skin       |    18 |    22 ||    40
Dodge: Dodged            |    29 |    34 ||    63
